 Dungeon Crawl Stone Soup version 0.30-a0-626-gd6a5dd7a1f (webtiles) character file.

Game seed: 11736191019202190093

2755 OTABOTABOTAB the Frost Mage (level 9, -6/57 (62) HPs)
             Began as a Merfolk Ice Elementalist on Jan 11, 2023.
             Was a Priest of Okawaru.
             Mangled by a wight
             ... wielding a +0 heavy great sword
              (16 damage)
             ... on level 7 of the Dungeon.
             The game lasted 00:26:08 (7449 turns).

OTABOTABOTAB the Frost Mage (MfIE)                  Turns: 7449, Time: 00:26:09

HP:   -6/57 (62)    AC: 13    Str: 10    XL:     9   Next: 69%
MP:   0/16          EV: 22    Int: 14    God:    Okawaru [***...]
Gold: 255           SH:  0    Dex: 17    Spells: 11/18 levels left

rFire   . . .      SeeInvis .    a - +1 spear (freeze)
rCold   + . .      Faith    .    (no shield)
rNeg    . . .      Spirit   .    k - +0 steam dragon scales
rPois   .          Reflect  .    e - +0 helmet
rElec   .          Harm     .    (no cloak)
rCorr   .          Rampage  .    (no gloves)
Will    .....                    (no boots)
Stlth   ++                       (no amulet)
HPRegen 0.29/turn                C - ring of protection from cold {rC+, !d}
MPRegen 0.15/turn                E - +5 ring of evasion

@: mighty, ice-armoured, freezing walls, attractive, drained
A: (nimble swimmer 2), mertail
a: Renounce Religion, Heroism


You were on level 7 of the Dungeon.
You worshipped Okawaru.
Okawaru was most pleased with you.
You visited 1 branch of the dungeon, and saw 7 of its levels.

You collected 285 gold pieces.
You spent 30 gold pieces at shops.

Inventory:

Hand Weapons
 a - a +1 spear of freezing (weapon)
   (You found it on level 3 of the Dungeon)
Missiles
 d - a silver boomerang
 h - 6 javelins
 i - 4 poisoned darts
 s - 69 stones
Armour
 e - a +0 helmet (worn)
   (You found it on level 6 of the Dungeon)
 k - +0 steam dragon scales (worn)
   (You found it on level 6 of the Dungeon)
Jewellery
 C - a ring of protection from cold (left hand) {rC+, !d}
   (You found it on level 4 of the Dungeon)
 E - a +5 ring of evasion (right hand)
   (You took it off a gnoll bouda on level 6 of the Dungeon)
 N - a ring of positive energy {rN+}
   (You found it on level 5 of the Dungeon)
Wands
 j - a wand of polymorph (17)
   (You took it off a goblin on level 3 of the Dungeon)
 q - a wand of flame (37)
   (You found it on level 5 of the Dungeon)
Scrolls
 b - 4 scrolls of noise {!r}
 g - 2 scrolls of poison {!r}
 n - a scroll of brand weapon
 K - a scroll of immolation {!r}
 Y - a scroll of teleportation {@r3}
Potions
 l - a potion of invisibility {unknown}
 m - a potion of lignification {unknown}
 o - a potion of heal wounds {unknown}
 B - 2 potions of brilliance
 H - a potion of haste
 L - 3 potions of flight
 T - a potion of berserk rage {!q}
 U - 2 potions of mutation {!q}


   Skills:
 - Level 2.6 Fighting
 + Level 7.9 Polearms
 + Level 9.1 Dodging
 - Level 2.1 Stealth
 - Level 5.0 Spellcasting
 + Level 9.1 Ice Magic
 + Level 1.1 Invocations


You had 11 spell levels left.
You knew the following spells:

 Your Spells              Type           Power      Damage    Failure   Level
a - Freeze                Ice            100%       1d10      1%          1
b - Frozen Ramparts       Ice            58%        1d9       1%          3
A - Ozocubu's Armour      Ice            29%        N/A       1%          3

Your spell library contained the following spells:

 Spells                   Type           Power      Damage    Failure   Level
 Dazzling Flash           Conj/Hex       6%         N/A       45%         3
 Iskenderun's Mystic Bla  Conj/Tloc      3%         2d3       86%         4
 Starburst                Conj/Fire      1%         6d3       100%        6
 Summon Ice Beast         Ice/Summ       Unusable   N/A       N/A         4

Dungeon Overview and Level Annotations

Branches:
Dungeon (7/15)
 Temple: D:4-7

Altars:
Ashenzari
Gozag
Okawaru
Qazlal
Ru
Wu Jian

Shops:
D:3 (   D:5 *


Innate Abilities, Weirdness & Mutations

((You are very nimble when in or above water. (Stealth+, EV+, Speed+++)))
Your lower body shifts to a powerful aquatic tail in water.


Message History

You reach to attack!
You hit the wight but do no damage.
The wight completely resists.
The wall freezes the wight but does no damage.
The wight resists.
The wall freezes the wight.
The wight barely misses you.
You reach to attack!
You closely miss the wight.
You reach to attack!
You hit the wight.
The wall freezes the wight but does no damage.
The wight completely resists.
The wall freezes the wight but does no damage.
The wight barely misses you.
You reach to attack!
You hit the wight but do no damage.
The wall freezes the wight but does no damage.
The wight resists.
The wall freezes the wight.
The wight misses you.
You reach to attack!
You barely miss the wight.
You reach to attack!
You hit the wight but do no damage.
The wall freezes the wight but does no damage.
The wight completely resists.
The wall freezes the wight but does no damage.
The wight hits you from afar with a +3 trident.
You feel drained.
You take 4 damage, and have 58/61 hp.
You reach to attack!
You hit the wight but do no damage.
The wall freezes the wight but does no damage. x2
The wight hits you but does no damage.
You reach to attack!
You hit the wight but do no damage.
The frozen ramparts melt away.
The wight hits you from afar with a +3 trident!
You feel drained.
You take 17 damage, and have 41/59 hp.
MASSIVE DAMAGE!!
Your icy armour will break if you move.
Continue?
Okay, then.
Your icy armour will break if you move.
Continue?
Okay, then.
Unknown command.
Reach: a) +1 spear (freeze)
Aim: a wight, wielding a +3 trident and wearing a +0 robe (moderately damaged, about 33% to evade your +1 spear of freezing)
You reach to attack!
You hit the wight but do no damage.
Reach: a) +1 spear (freeze)
Aim: a wight, wielding a +3 trident and wearing a +0 robe (moderately damaged, about 33% to evade your +1 spear of freezing)
You reach to attack!
You hit the wight. The wight misses you.
Reach: a) +1 spear (freeze)
Aim: a wight, wielding a +3 trident and wearing a +0 robe (severely damaged, about 33% to evade your +1 spear of freezing)
You reach to attack!
You barely miss the wight. The wight misses you.
Reach: a) +1 spear (freeze)
Aim: a wight, wielding a +3 trident and wearing a +0 robe (severely damaged, about 33% to evade your +1 spear of freezing)
You reach to attack!
You hit the wight.
Reach: a) +1 spear (freeze)
Aim: a wight, wielding a +3 trident and wearing a +0 robe (severely damaged, about 33% to evade your +1 spear of freezing)
You reach to attack!
You closely miss the wight. The wight hits you but does no damage.
Reach: a) +1 spear (freeze)
Aim: a wight, wielding a +3 trident and wearing a +0 robe (severely damaged, about 33% to evade your +1 spear of freezing)
You reach to attack!
You closely miss the wight. The wight barely misses you.
Reach: a) +1 spear (freeze)
Aim: a wight, wielding a +3 trident and wearing a +0 robe (severely damaged, about 33% to evade your +1 spear of freezing)
You reach to attack!
You hit the wight but do no damage. The wight misses you.
Reach: a) +1 spear (freeze)
Aim: a wight, wielding a +3 trident and wearing a +0 robe (severely damaged, about 33% to evade your +1 spear of freezing)
You reach to attack!
You closely miss the wight.
Reach: a) +1 spear (freeze)
Aim: a wight, wielding a +3 trident and wearing a +0 robe (severely damaged, about 33% to evade your +1 spear of freezing)
You reach to attack!
You barely miss the wight. The wight misses you.
The walls around you are covered in ice.
The wall freezes the wight but does no damage.
The wight resists.
The wall freezes the wight.
The wight closely misses you.
You now have 0/16 mp.
Reach: a) +1 spear (freeze)
Aim: a wight, wielding a +3 trident and wearing a +0 robe (severely damaged, about 33% to evade your +1 spear of freezing)
You reach to attack!
You hit the wight.
You destroy the wight!
Okawaru accepts your kill.
The wall freezes the wight but does no damage.
Reach: a) +1 spear (freeze)
Aim: a wight, wielding a +0 heavy great sword and wearing a +0 robe (lightly damaged, about 33% to evade your +1 spear of freezing)
You reach to attack!
You hit the wight.
Reach: a) +1 spear (freeze)
Aim: a wight, wielding a +0 heavy great sword and wearing a +0 robe (heavily damaged, about 33% to evade your +1 spear of freezing)
You reach to attack!
You hit the wight.
The wight resists.
The wall freezes the wight.
Reach: a) +1 spear (freeze)
Aim: a wight, wielding a +0 heavy great sword and wearing a +0 robe (severely damaged, about 33% to evade your +1 spear of freezing)
You barely miss the wight.
The wall freezes the wight but does no damage.
The wight hits you with a +0 heavy great sword!!
You feel drained.
* * * LOW HITPOINT WARNING * * *
You take 33 damage, and have 10/57 hp.
MASSIVE DAMAGE!!
Here: a wight, wielding a +0 heavy great sword and wearing a +0 robe (severely damaged)
Items here: )) [[.
The floor.
Unknown command.
It was a potion of attraction.
You feel attractive to monsters.
You feel very mighty all of a sudden.
The wight completely resists.
The wall freezes the wight but does no damage.
The wight hits you with a +0 heavy great sword!
You die...

#..... # #....##.#
#.....#.##
........ .....
#..# #)# #z# #@#
#+# #.###### #.#
#......# #.#
######.#####.#####
#............
#####.....###
##...## # ##.## #
### #


You could see a wight.

Vanquished Creatures
  A two-headed ogre (D:6)
  A steam dragon (D:6)
  A swamp drake (D:4)
  A sky beast (D:3)
  2 black bears
  An ice beast (D:6)
  An ogre (D:3)
  A phantom (D:4)
  2 centaurs
  A necrophage (D:5)
  5 scorpions
  4 wights (D:7)
  A crimson imp (D:4)
  5 orc priests
  3 hounds
  2 jellies
  A gnoll bouda (D:6)
  Terence (D:2)
  4 iguanas
  An orc wizard (D:5)
  4 gnolls (D:6)
  5 adders
  A shadow imp (D:5)
  2 white imps
  An ufetubus (D:6)
  2 worms
  4 dart slugs
  18 orcs
  5 ball pythons
  5 endoplasms
  2 giant cockroaches
  6 goblins
  10 hobgoblins
  6 jackals (D:4)
  3 quokkas
  4 bats
  A frilled lizard (D:1)
  4 kobolds
  5 rats
127 creatures vanquished.

Notes
Turn   | Place    | Note
-------+----------+-------------------------------------------
     0 | D:1      | OTABOTABOTAB the Merfolk Ice Elementalist began the quest
                  | for the Orb.
     0 | D:1      | Reached XP level 1. HP: 13/13 MP: 3/3
   163 | D:1      | Reached XP level 2. HP: 12/20 MP: 3/5
   174 | D:1      | Reached skill level 3 in Dodging
   417 | D:1      | Reached skill level 1 in Fighting
   531 | D:1      | Reached XP level 3. HP: 26/26 MP: 3/6
  1058 | D:2      | Learned a level 3 spell: Frozen Ramparts
  1570 | D:2      | Reached skill level 5 in Ice Magic
  1630 | D:2      | Found a faded altar of an unknown god.
  1805 | D:2      | Noticed Terence
  1811 | D:2      | HP: 3/25 [Terence/+5 hand axe of draining (7)]
  1820 | D:2      | Killed Terence
  1821 | D:2      | Reached XP level 4. HP: 19/32 MP: 0/7
  2104 | D:2      | Learned a level 3 spell: Ozocubu's Armour
  2166 | D:3      | Found a broken altar of Ashenzari.
  2260 | D:3      | Found an iron altar of Okawaru.
  2275 | D:3      | Became a worshipper of Warmaster Okawaru
  2372 | D:3      | Noticed a sky beast
  2442 | D:3      | Killed a sky beast
  2443 | D:3      | Reached skill level 2 in Fighting
  2443 | D:3      | Reached skill level 4 in Dodging
  2443 | D:3      | Reached XP level 5. HP: 28/38 MP: 2/9
  2541 | D:3      | Found Zofe's Antique Weapon Shop.
  2711 | D:3      | Noticed an ogre
  2719 | D:3      | Killed an ogre
  2720 | D:3      | Reached skill level 3 in Spellcasting
  2720 | D:3      | Reached skill level 6 in Ice Magic
  2720 | D:3      | Reached XP level 6. HP: 18/46 MP: 2/10
  3584 | D:4      | Reached skill level 1 in Polearms
  3721 | D:4      | Reached * piety under Okawaru
  3722 | D:4      | Reached skill level 2 in Polearms
  3722 | D:4      | Reached skill level 5 in Dodging
  3722 | D:4      | Reached XP level 7. HP: 28/51 MP: 6/12
  3867 | D:4      | Found a sacrificial altar of Ru.
  4029 | D:4      | Found an opulent altar of Gozag.
  4084 | D:4      | Reached skill level 3 in Polearms
  4593 | D:4      | Noticed an air elemental
  4612 | D:4      | Found a stormy altar of Qazlal.
  4614 | D:4      | Noticed a water elemental
  4616 | D:4      | Noticed a fire elemental
  4977 | D:5      | Entered Level 5 of the Dungeon
  5104 | D:5      | Reached skill level 4 in Spellcasting
  5380 | D:5      | Reached skill level 6 in Dodging
  5380 | D:5      | Reached skill level 7 in Ice Magic
  5380 | D:5      | Reached XP level 8. HP: 48/57 MP: 8/14
  5383 | D:5      | Reached skill level 4 in Polearms
  5425 | D:5      | Found an ornate altar of the Wu Jian Council.
  5673 | D:5      | Reached ** piety under Okawaru
  6039 | D:5      | Found Zucloth's General Store.
  6044 | D:5      | Bought a scroll of identify for 30 gold pieces
  6238 | D:6      | Reached skill level 5 in Polearms
  6251 | D:6      | Reached skill level 7 in Dodging
  6259 | D:6      | Reached skill level 5 in Spellcasting
  6626 | D:6      | Reached skill level 8 in Ice Magic
  6629 | D:6      | Reached skill level 6 in Polearms
  6629 | D:6      | Reached XP level 9. HP: 53/62 MP: 10/16
  6908 | D:6      | Reached skill level 8 in Dodging
  6945 | D:6      | Reached *** piety under Okawaru
  7015 | D:6      | Noticed a two-headed ogre
  7035 | D:6      | HP: 14/62 [two-headed ogre/+0 giant club (2)]
  7040 | D:6      | Killed a two-headed ogre
  7041 | D:6      | Reached skill level 7 in Polearms
  7041 | D:6      | Reached skill level 9 in Ice Magic
  7402 | D:7      | Reached skill level 9 in Dodging
  7420 | D:7      | Reached skill level 1 in Invocations
  7447 | D:7      | HP: 10/57 [wight/+0 heavy great sword (9)]
  7449 | D:7      | Mangled by a wight

Illustrated notes

Levels and vault maps discovered:
D:1:      elethiomel_arrival_infinity_welcomes_careful_drivers, layout_rooms
D:2:      layout_loops_cross, serial_glass, glass_columns_c, glass_columns_a,
          feat_on_display, shapermc_ecumenical_altar_mp_vishouse, uniq_terence
D:3:      layout_basic, lemuel_crystal_altar, cheibrodos_ashenzari_chains,
          serial_shops, nicolae_shop_statue_plus, minmay_misc_feat_five,
          minmay_misc_feat_roman
D:4:      layout_cave_pools, nicolae_ru_the_path_less_chosen,
          nicolae_qazlal_style_of_elements, nicolae_gozag_seed_capital
D:5:      layout_gridville, nicolae_wu_jian_wuxing_cycle, serial_shops,
          nicolae_shop_hallway_plus
D:6:      layout_cave_pools
D:7:      layout_loops_corners, mainiacjoe_overflow_alcove_4,
          minmay_temple_entry_statues_fountains,
          gammafunk_ghost_wrathful_warriors, nicolae_stop_n_shop_1

Skill      XL: |  1  2  3  4  5  6  7  8  9 |
---------------+----------------------------+-----
Dodging        | 3 4 5 6 7 9 |  9.1
Fighting       | 1 2 |  2.6
Ice Magic      | 5 6 7 8 9 |  9.1
Spellcasting   | 3 4 5 |  5.0
Polearms       | 2 3 6 7 |  7.9
Invocations    | 1 |  1.1
Stealth        | |  2.1

Action                   |  1- 3 |  4- 6 |  7- 9 || total
-------------------------+-------+-------+-------++-------
Melee: Dagger            |     6 |     3 |       ||     9
       Unarmed           |     1 |       |       ||     1
       Spear             |       |    14 |   221 ||   235
       Punch             |       |       |     1 ||     1
 Cast: Freeze            |    54 |    13 |    10 ||    77
       Frozen Ramparts   |     2 |    16 |    39 ||    57
       Ozocubu's Armour  |       |     1 |    16 ||    17
Invok: Heroism           |       |       |     1 ||     1
Evoke: Wand              |       |     1 |     5 ||     6
  Use: Potion            |     3 |     1 |     5 ||     9
       Scroll            |       |     7 |     9 ||    16
 Stab: Sleeping          |     1 |       |       ||     1
Armor: Robe              |     3 |     9 |    18 ||    30
       Steam dragon scal |       |       |    12 ||    12
Dodge: Dodged            |    28 |    27 |   147 ||   202

Table legend: (Time is in decaauts)
 A = Elapsed time spent in this place.
 B = Non-inter-level travel time spent in this place.
 C = Inter-level travel time spent in this place.
 D = Time resting spent in this place.
 E = Time spent auto-exploring this place.
 F = Levels seen in this place.
 G = Mean time per level.
                   A        B        C        D        E       F      G
               +--------+--------+--------+--------+--------+-----+--------+
         Total |   7369 |   7171 |    198 |   1084 |   4993 |   7 | 1052.7 |
       Dungeon |   7369 |   7171 |    198 |   1084 |   4993 |   7 | 1052.7 |
               +--------+--------+--------+--------+--------+-----+--------+

Top non-repeatable levels by time:
     D:3: 1500 daAuts
     D:4: 1314 daAuts
     D:5: 1200 daAuts
     D:6: 1133 daAuts
     D:2: 1111 daAuts
     D:1: 1012 daAuts
     D:7: 97 daAuts

Table legend:
 A = Kills in this place as a percentage of kills in entire the game.
 B = Kills by you in this place as a percentage of kills by you in the entire game.
 C = Kills by friends in this place as a percentage of kills by friends in the entire game.
 D = Other kills in this place as a percentage of other kills in the entire game.
 E = Experience gained in this place as a percentage of experience gained in the entire game.
 F = Experience gained in this place divided by the number of levels of this place that you have seen.
                   A       B       C       D       E      F
               +-------+-------+-------+-------+-------+----------------------
         Total | 100.0 | 100.0 |   N/A |   N/A | 100.0 | 562.4
       Dungeon | 100.0 | 100.0 |   N/A |   N/A | 100.0 | 562.4
               +-------+-------+-------+-------+-------+----------------------
